 Dungeon Crawl Stone Soup version 0.27-a0-1101-ge311f74bc8 (webtiles) character file.

Game seed: 1714132699076424781

133 siradein the Chopper (level 4, -2/33 HPs)
             Began as a Demonspawn Gladiator on Apr 28, 2021.
             Slain by an ogre
             ... wielding a +0 giant club
              (25 damage)
             ... on level 4 of the Dungeon.
             The game lasted 00:04:13 (2544 turns).

siradein the Chopper (Demonspawn Gladiator)         Turns: 2544, Time: 00:04:13

Health: -2/33      AC:  6    Str: 16    XL:     4   Next: 94%
Magic:  4/4        EV:  6    Int:  9    God:
Gold:   86         SH: 11    Dex: 14    Spells: 3/3 levels left

rFire    . . .     SeeInvis .   a - +0 war axe
rCold    . . .     Faith    .   k - +0 tower shield
rNeg     . . .     Spirit   .   j - +0 ring mail
rPois    .         Reflect  .   c - +0 helmet
rElec    .         Harm     .   (no cloak)
rCorr    .         Rampage  .   (no gloves)
Will     .....                  (no boots)
Stlth    +.........             (no amulet)
HPRegen  0.11/turn              (no ring)
MPRegen  0.09/turn              (no ring)

@: no status effects
A: talons 1, ignite blood 1
a: no special abilities


You were on level 4 of the Dungeon.
You visited 1 branch of the dungeon, and saw 4 of its levels.

You collected 86 gold pieces.

Inventory:

Hand Weapons
 a - a +0 war axe (weapon)
Missiles
 d - 3 throwing nets (quivered)
 g - 5 datura-tipped darts
Armour
 c - a +0 helmet (worn)
 j - a +0 ring mail (worn)
 k - a +0 tower shield (worn)
Scrolls
 e - a scroll of summoning {unknown}
 f - 2 scrolls of enchant armour {unknown}
 h - 2 scrolls of teleportation {unknown}
 m - a scroll of identify {unknown}
 n - a scroll of fear {unknown}
Potions
 b - a potion of heal wounds {unknown}
 i - a potion of invisibility {unknown}
 l - a potion of lignification {unknown}


   Skills:
 - Level 2.0 Fighting
 + Level 5.2 Axes
 - Level 1.7 Throwing
 - Level 2.6 Dodging


You had 3 spell levels left.
You didn't know any spells.
Your spell library contained the following spells:

 Spells                   Type           Power      Damage    Failure   Level
 Magic Dart               Conj           0%         1d3       100%        1
 Searing Ray              Conj           0%         3d3       100%        2
 Dazzling Flash           Conj/Hex       0%         N/A       100%        3
 Fulminant Prism          Conj/Hex       0%         3d6       100%        4
 Iskenderun's Mystic Bla  Conj/Tloc      0%         2d3       100%        4


Dungeon Overview and Level Annotations

Branches:
Dungeon (4/15)
 Temple: D:4-7

Altars:

Shops:
D:2 :


Innate Abilities, Weirdness & Mutations

You have sharp toenails.
Your demonic aura sometimes causes spilled blood to erupt in flames


Message History

No target in view!
n - a scroll labelled HOKHYS BESCH
Found a twisted smoking staff.
There is a stone staircase leading up here.
You now have 86 gold pieces (gained 16).
You see here a staff of air.
Done exploring.
Done exploring.
Done exploring.
Done exploring.
(D) Dungeon
Where to? (Enter - D:2, ? - help)
What level of the Dungeon? (default 1, ? - help)
There is a stone staircase leading down here.
You climb downwards.
An endoplasm comes into view.
The endoplasm quivers.
Found a whip, a puce potion, 20 stones and 9 gold pieces.
There is a stone staircase leading up here.
Okay, then.
Unknown command.
You hit the endoplasm. You claw the endoplasm.
You kill the endoplasm!
No reachable target in view!
No reachable target in view!
An ogre comes into view. It is wielding a +0 giant club.
An ogre is nearby!
An ogre is nearby!
An ogre is nearby!
An ogre is nearby!
Your shield prevents you from hitting the ogre.
You claw the ogre.
The ogre is lightly wounded.
You block the ogre's attack.
You hit the ogre. Your kick misses the ogre.
The ogre is moderately wounded.
The ogre hits you with a +0 giant club!
The ogre hits you with a +0 giant club!!
Ouch! That really hurt!
You die...

#...........##.
#..............
#.#..............
.................
#................
................#
........).O.....#
.........@#
..........##
...........#.###
........<.......
######.........#
....s##........#
...#.8#.........
#.#...#.........
.....!#.......##


You could see an ogre and a scorpion.

Vanquished Creatures
  2 orc wizards (D:3)
  3 adders
  2 worms (D:3)
  4 dart slugs
  4 orcs
  2 bats
  5 endoplasms
  3 giant cockroaches
  3 hobgoblins
  4 jackals (D:2)
  3 quokkas
  6 ball pythons
  2 goblins (D:2)
  4 kobolds
  8 rats
55 creatures vanquished.

Notes
Turn   | Place    | Note
-------+----------+-------------------------------------------
     0 | D:1      | siradein the Demonspawn Gladiator began the quest for the
                  | Orb.
     0 | D:1      | Reached XP level 1. HP: 16/16 MP: 1/1
   124 | D:1      | Found a faded altar of an unknown god.
   131 | D:1      | Reached skill level 3 in Axes
   179 | D:1      | Gained mutation: Your demonic aura sometimes causes spilled
                  | blood to erupt in flames [demonic ancestry]
   179 | D:1      | Reached XP level 2. HP: 22/22 MP: 2/2
   817 | D:2      | Found Doihowom's Book Emporium.
   825 | D:2      | Gained mutation: You have sharp toenails. [demonic
                  | ancestry]
   825 | D:2      | Reached XP level 3. HP: 19/27 MP: 3/3
   923 | D:2      | Reached skill level 4 in Axes
  1650 | D:3      | Reached XP level 4. HP: 32/33 MP: 4/4
  2091 | D:3      | Reached skill level 5 in Axes
  2533 | D:4      | Noticed a scorpion
  2537 | D:4      | Noticed an ogre
  2544 | D:4      | Slain by an ogre

Illustrated notes

Levels and vault maps discovered:
D:1:      dpeg_arrival_rooms_a, layout_basic,
          ebering_ecumenical_altar_sacrificial
D:2:      layout_loops_cross, serial_shops, nicolae_shop_stone
D:3:      layout_loops_ring, minmay_misc_feat_rows
D:4:      cheibrodos_old_hovel, layout_cave_pools, gammafunk_ghost_arena

Skill      XL: |  1  2  3  4 |
---------------+-------------+-----
Axes           | 3 4 5 |  5.2
Fighting       | |  2.0
Throwing       | |  1.7
Dodging        | |  2.6

Action                   |  1- 3 |  4- 6 || total
-------------------------+-------+-------++-------
Melee: War axe           |    85 |    31 ||   116
       Kick              |    10 |    15 ||    25
Armor: Leather armour    |    10 |       ||    10
       Ring mail         |    22 |    14 ||    36
Dodge: Dodged            |    47 |    12 ||    59
Block: Tower shield      |    22 |    23 ||    45

Table legend: (Time is in decaauts)
 A = Elapsed time spent in this place.
 B = Non-inter-level travel time spent in this place.
 C = Inter-level travel time spent in this place.
 D = Time resting spent in this place.
 E = Time spent auto-exploring this place.
 F = Levels seen in this place.
 G = Mean time per level.
                   A        B        C        D        E       F      G
               +--------+--------+--------+--------+--------+-----+--------+
         Total |   2609 |   2563 |     46 |    335 |   1874 |   4 |  652.2 |
       Dungeon |   2609 |   2563 |     46 |    335 |   1874 |   4 |  652.2 |
               +--------+--------+--------+--------+--------+-----+--------+

Top non-repeatable levels by time:
     D:3: 914 daAuts
     D:2: 862 daAuts
     D:1: 820 daAuts
     D:4: 12 daAuts
